Map: Triton LE

Players

Cham - Winner!

  • Race: Zerg Zerg
  • League: Master
  • Spawn Location: 5:00

Ryosis

  • Race: Zerg Zerg
  • League: Master
  • Spawn Location: 11:00

Event: NationWars 2019

VOD

Have the link to the VOD?

Description

Time

  • Played on: Nov. 30, 2019, 12:29 p.m.
  • Length: 5:50
Show
View Real Time Build Order
Export as new Build Order

Cham Zerg - Winner!

Build Orders: Hatch First 

Get SALT Encoding   

  12  0:01  Drone  
  13  0:08  Drone  
  14  0:17  Overlord  
  14  0:35  Drone x2  
  16  0:47  Hatchery  
  15  0:51  Drone  
  15  0:56  Drone  
  17  0:59  Drone  
  18  1:10  Extractor  
  17  1:13  Spawning Pool  
  17  1:16  Drone  
  17  1:19  Drone  
  18  1:30  Drone  
  19  1:40  Drone  
  20  1:52  Drone  
  21  2:00  Queen x2  
  21  2:01  Zergling x2, Overlord  
  26  2:11  Drone  
  26  2:15  Metabolic Boost, Drone  
  28  2:21  Drone  
  29  2:24  Drone  
  30  2:38  Hatchery  
  29  2:46  Drone x4  
  29  2:50  Baneling Nest  
  32  2:53  Overlord  
  32  2:59  Zergling x2  
  32  3:04  Zergling x2  
  32  3:05  Evolution Chamber  
  33  3:08  Overlord  
  33  3:13  Zergling x2  
  33  3:14  Drone x2  
  33  3:19  Drone x2  
  38  3:27  Drone x3  
  38  3:30  Zerg Melee Weapons Level 1  
  41  3:36  Overlord  
  41  3:38  Drone  
  42  3:43  Queen  
  42  3:45  Drone x2  
  46  3:51  Baneling  
  46  3:52  Zergling x6, Baneling  
  46  3:55  Zergling x4  
  51  3:57  Drone  
  51  3:58  Drone  
  51  4:01  Overlord  
  53  4:12  Zergling x2, Baneling  
  53  4:13  Baneling  
  53  4:14  Drone x2  
  53  4:20  Drone x2, Overlord  
  53  4:22  Overlord  
  54  4:25  Drone x2  
  54  4:30  Zergling x10  
  61  4:35  Zergling x4  
  63  4:42  Zergling x2  
  63  4:44  Zergling x2  
  63  4:45  Zergling x2  
  65  4:54  Zergling x20  
  65  4:55  Roach Warren, Extractor x2  
  72  5:01  Baneling x2  
  72  5:02  Zergling x4  
  72  5:04  Baneling  
  72  5:06  Zergling x2  
  71  5:19  Zergling x2  
  71  5:20  Zergling x8  
  69  5:24  Drone x3  
  68  5:28  Zergling x4  
  68  5:29  Zergling x2  
  68  5:32  Drone x2  
  68  5:33  Drone x2  
  68  5:35  Drone  
Show
View Real Time Build Order
Export as new Build Order

Ryosis Zerg 

Build Orders: Hatch First 

Get SALT Encoding   

  12  0:00  Drone  
  13  0:13  Overlord  
  13  0:16  Drone  
  14  0:32  Drone x2  
  16  0:49  Hatchery  
  15  0:52  Drone  
  15  0:55  Drone  
  17  0:59  Drone  
  18  1:10  Extractor  
  17  1:14  Spawning Pool  
  17  1:17  Drone  
  17  1:20  Drone  
  18  1:29  Drone  
  19  1:40  Drone  
  20  1:50  Drone  
  21  2:01  Zergling x2  
  21  2:02  Queen x2, Overlord  
  26  2:12  Metabolic Boost, Drone x2  
  29  2:22  Drone  
  29  2:24  Drone  
  30  2:33  Hatchery  
  30  2:36  Drone  
  30  2:41  Zergling x2  
  31  2:45  Drone  
  31  2:48  Drone  
  31  2:49  Baneling Nest  
  32  2:57  Overlord  
  32  2:59  Drone  
  32  3:05  Drone  
  34  3:08  Drone  
  34  3:11  Drone  
  36  3:13  Overlord  
  36  3:17  Zergling x8  
  40  3:23  Zergling x2  
  40  3:27  Drone  
  42  3:31  Evolution Chamber  
  42  3:32  Drone  
  41  3:34  Drone  
  41  3:37  Queen  
  41  3:40  Baneling x2  
  44  3:45  Drone x3  
  44  3:46  Overlord  
  48  3:48  Drone  
  48  3:50  Drone  
  48  3:52  Drone  
  50  3:56  Zerg Missile Weapons Level 1  
  50  3:59  Drone x2  
  52  4:04  Drone x3  
  54  4:10  Drone x2  
  54  4:15  Drone  
  54  4:16  Extractor  
  54  4:18  Drone x2  
  54  4:21  Zergling x4  
  58  4:25  Zergling x4  
  58  4:28  Lair  
  60  4:32  Drone  
  60  4:33  Roach Warren, Drone  
  60  4:38  Overlord  
  60  4:40  Baneling  
  60  4:41  Drone  
  60  4:45  Drone x2  
  62  4:47  Drone x2  
  62  4:48  Drone  
  62  4:51  Overlord  
  64  4:53  Drone x2  
  64  4:56  Baneling  
  64  4:58  Drone  
  68  5:00  Zergling x6  
  68  5:05  Baneling  
  70  5:07  Overlord  
  70  5:12  Drone x2  
  70  5:15  Zergling x6  
  70  5:21  Drone x2  
  73  5:24  Drone, Extractor x2  
  73  5:25  Drone x3  
  73  5:26  Drone x4, Extractor  
  61  5:28  Extractor  
Tags
 
Add a new tag
Caveats
  • Supply blocks, unpowered buildings, or Contaminate may cause inaccurate times.
  • Supply counts are checked every 10 seconds.